Map: Dash and Terminal LE (Void)

Players

CaptRaynor - Winner!

  • Race: Protoss Protoss
  • League: Grandmaster

EXnoricum

  • Race: Terran Terran
  • League: Bronze

VOD

Have the link to the VOD?

Description

Time

  • Played on: Aug. 13, 2015, 11:50 a.m.
  • Length: 21:25
Show
View Real Time Build Order
Export as new Build Order

CaptRaynor Protoss - Winner!

Build Orders:  

Get SALT Encoding   

  12  0:01  Probe  
  13  0:17  Pylon  
  13  0:18  Probe  
  14  0:35  Probe (Chrono Boost)  
  15  0:42  Assimilator  
  15  0:46  Probe (Chrono Boost)  
  16  0:54  Probe  
  16  0:56  Gateway  
  17  1:06  Probe (Chrono Boost)  
  18  1:16  Pylon  
  18  1:24  Probe (Chrono Boost)  
  19  1:30  Pylon  
  19  1:34  Probe  
  20  1:47  Cybernetics Core  
  20  1:48  Probe (Chrono Boost)  
  20  1:50  Gateway  
  22  2:01  Probe (Chrono Boost)  
  22  2:09  Probe  
  23  2:23  Nexus  
  23  2:28  Pylon  
  23  2:29  Probe  
  24  2:31  Warp Gate (Chrono Boost)  
  24  2:41  Probe  
  25  2:54  Mothership Core  
  27  3:15  Adept (Chrono Boost)  
  31  3:22  Adept (Chrono Boost)  
  21  3:35  Adept (Chrono Boost)  
  15  3:51  Probe  
  18  3:56  Adept (Chrono Boost)  
  18  4:12  Probe, Pylon  
  16  4:30  Mothership Core  
  18  4:44  Sentry  
  20  4:46  Adept  
  20  4:51  Probe  
  21  5:03  Probe, Gateway  
  21  5:06  Gateway  
  22  5:09  Sentry  
  22  5:11  Adept  
  26  5:15  Probe  
  25  5:29  Probe  
  26  5:36  Sentry  
  26  5:37  Adept  
  30  6:00  Probe  
  29  6:06  Adept x2  
  33  6:12  Probe  
  34  6:22  Assimilator  
  34  6:31  Robotics Facility  
  34  6:35  Pylon  
  34  6:41  Probe  
  35  6:57  Adept  
  35  6:58  Adept  
  39  7:04  Probe  
  40  7:16  Probe  
  40  7:21  Observer  
  42  7:28  Probe  
  43  7:51  Probe  
  43  7:52  Pylon  
  43  7:53  Robotics Bay  
  44  8:04  Probe  
  45  8:11  Adept  
  47  8:21  Pylon  
  47  8:22  Observer  
  47  8:26  Adept x2  
  52  8:29  Adept  
  54  8:39  Probe  
  58  9:03  Probe  
  58  9:07  Disruptor  
  58  9:08  Adept  
  61  9:38  Pylon  
  53  9:43  Pylon  
  53  9:52  Disruptor  
  53  10:16  Nexus  
  53  10:43  Stalker  
  53  10:44  Stalker x3  
  61  10:55  Colossus (Chrono Boost)  
  67  11:03  Disruptor  
  67  11:06  Pylon  
  67  11:08  Pylon  
  67  11:11  Stalker  
  67  11:14  Sentry  
  57  11:51  Probe  
  58  11:58  Probe  
  59  12:20  Probe  
  59  12:21  Probe  
  61  12:31  Stalker  
  63  12:44  Probe x2  
  65  12:59  Probe x2  
  65  13:01  Sentry  
  69  13:13  Probe x2  
  71  13:39  Colossus  
  78  13:41  Probe x2  
  78  13:46  Sentry x4  
  87  13:55  Probe x2  
  89  14:08  Stargate  
  89  14:22  Probe x2  
  91  14:35  Probe  
  91  14:36  Probe  
  93  14:41  Assimilator  
  93  14:50  Stalker  
  93  14:51  Stalker, Nexus  
  96  15:09  Probe x2  
  98  15:18  Void Ray  
  102  15:23  Probe x2  
  100  15:48  Probe x2  
  102  15:52  Disruptor  
  102  16:00  Adept x3  
  108  16:22  Disruptor  
  108  16:30  Probe  
  108  16:31  Probe x2  
  111  16:35  Void Ray  
  115  17:09  Disruptor  
  115  17:18  Void Ray (Chrono Boost)  
  119  17:45  Stalker  
  119  18:14  Pylon  
  119  18:16  Assimilator  
  119  18:32  Void Ray  
  123  18:42  Stalker x3  
  125  19:04  Pylon  
  125  19:14  Colossus  
  117  19:28  Probe x3  
  95  19:32  Disruptor  
  85  19:57  Stalker x4  
  79  20:24  Probe x2  
  79  20:25  Probe  
  82  20:36  Probe  
  86  21:16  Adept x2  
  86  21:17  Adept x2  
Show
View Real Time Build Order
Export as new Build Order

EXnoricum Terran 

Build Orders:  

Get SALT Encoding   

  12  0:01  SCV  
  13  0:15  SCV  
  14  0:22  Supply Depot  
  14  0:27  SCV  
  15  0:44  SCV  
  15  0:47  Barracks  
  16  1:01  Barracks  
  16  1:15  Supply Depot  
  16  1:20  Supply Depot  
  16  1:23  SCV  
  17  1:36  Marine  
  17  1:37  Barracks  
  18  1:43  SCV  
  19  1:48  Marine  
  20  2:00  Marine  
  20  2:03  Barracks  
  20  2:06  Marine  
  21  2:27  Barracks, Marine  
  22  2:31  Marine  
  22  2:35  Marine  
  24  2:45  Marine  
  24  2:51  Marine x2  
  27  2:53  Barracks, Marine  
  28  3:03  Marine  
  29  3:08  Marine  
  29  3:09  Marine  
  31  3:17  Marine x2  
  33  3:20  Marine  
  32  3:36  Marine x3  
  32  3:37  Marine  
  32  3:38  Marine  
  29  3:54  Marine x4  
  27  3:56  Marine  
  28  4:12  Marine x5  
  28  4:14  Marine  
  29  4:29  Marine  
  29  4:30  Marine x4  
  33  4:38  Marine  
  34  4:47  Marine x2  
  32  4:56  Marine x2  
  32  4:57  Marine x2  
  31  5:03  SCV  
  31  5:05  Marine x2  
  34  5:18  Marine x2  
  34  5:21  SCV  
  37  5:32  Marine  
  38  5:47  Command Center  
  38  5:58  Marine x2  
  39  6:14  Supply Depot  
  39  6:19  Supply Depot  
  39  6:35  SCV, Refinery  
  39  6:37  Supply Depot  
  40  6:41  Refinery  
  40  6:47  SCV  
  41  6:59  SCV x2  
  43  7:05  Refinery  
  43  7:10  Engineering Bay  
  43  7:11  SCV  
  43  7:12  SCV  
  45  7:20  Marine  
  46  7:23  SCV  
  46  7:24  SCV  
  46  7:27  Refinery  
  48  7:35  SCV  
  48  7:36  SCV  
  50  7:37  Factory  
  50  7:47  SCV  
  50  7:49  Missile Turret  
  51  8:02  Orbital Command  
  51  8:05  SCV  
  52  8:08  Marine  
  53  8:21  Starport, Missile Turret  
  53  8:22  Factory Tech Lab  
  53  8:23  Marine  
  53  8:26  Marine  
  55  8:37  Orbital Command  
  55  8:40  SCV  
  47  9:09  Starport Tech Lab  
  46  9:10  Widow Mine  
  46  9:13  Marine  
  46  9:14  Marine x5  
  50  9:20  SCV  
  51  9:32  SCV  
  48  9:45  Supply Depot  
  48  9:48  Liberator  
  50  10:00  SCV x2  
  53  10:12  SCV x2  
  55  10:16  Armory  
  55  10:24  SCV  
  46  10:30  Liberator  
  44  10:46  Siege Tank  
  50  10:54  SCV  
  51  11:06  SCV  
  52  11:18  SCV  
  53  11:30  SCV  
  27  11:48  Liberator  
  26  12:23  Marine  
  26  12:24  Marine x5  
  32  12:31  Liberator  
  32  12:41  Marine, Orbital Command  
  32  12:42  Marine x5  
  41  12:59  Marine  
  41  13:00  Marine x5  
  47  13:09  SCV  
  48  13:14  Liberator  
  48  13:17  Marine x3  
  47  13:21  SCV  
  47  13:24  Siege Tank  
  51  13:33  SCV  
  54  13:45  SCV  
  55  13:57  SCV  
  56  14:06  Marine x2  
  56  14:09  SCV  
  59  14:18  Marine x3  
  59  14:21  SCV  
  63  14:33  SCV  
  64  14:46  SCV  
  65  15:12  Siege Tank  
  68  15:40  Marine x2  
  70  15:44  Marine x3  
  68  16:05  Siege Tank  
  68  16:09  Liberator  
  60  16:37  Siege Tank  
  63  16:53  Liberator  
  63  17:02  Marine x6  
  69  17:10  Siege Tank  
  64  17:20  Marine x6  
  70  17:38  Marine x2  
  70  17:40  Marine  
  70  17:41  Marine  
  70  17:54  Marine  
  70  17:55  Marine  
  70  17:56  Marine x2  
  70  17:57  Marine  
  66  18:04  Medivac  
  68  18:12  Marine  
  69  18:13  Marine  
  69  18:17  Missile Turret  
  64  18:39  Marine x3  
  63  18:54  SCV  
  64  18:57  Marine x3  
  67  19:14  Marine  
  67  19:15  Marine x2  
  58  19:59  Marine  
  55  20:00  Marine x2  
  51  20:17  Marine  
  51  20:18  Marine  
Tags
 
Add a new tag
Caveats
  • Supply blocks, unpowered buildings, or Contaminate may cause inaccurate times.
  • Supply counts are checked every 10 seconds.